 Dungeon Crawl Stone Soup version 0.20.0-15-g7f486f2 (webtiles) character file.

91 Omegatherion the Skirmisher (level 4, -1/29 HPs)
             Began as a Gargoyle Fighter on June 29, 2017.
             Slain by Crazy Yiuf
             ... wielding a +3 quarterstaff of chaos
              (5 damage)
             ... on level 2 of the Dungeon.
             The game lasted 00:03:29 (1442 turns).

Omegatherion the Skirmisher (Gargoyle Fighter)      Turns: 1442, Time: 00:03:30

Health: -1/29      AC: 11    Str: 21    XL:     4   Next: 57%
Magic:  2/4        EV:  7    Int:  8    God:
Gold:   80         SH:  9    Dex:  9    Spells: 3/3 levels left

rFire    . . .     SeeInvis .   a - +0 war axe
rCold    . . .     Gourm    .   c - +0 shield
rNeg     + . .     Faith    .   b - +0 scale mail
rPois    ∞         Spirit   .   (no helmet)
rElec    +         Reflect  .   (no cloak)
rCorr    .         Harm     .   k - +0 pair of gloves (curse)
MR       .....                  (no boots)
Stlth    ..........             (no amulet)
Regen    0.1/turn               (no ring)
MPRegen  0.1/turn               (no ring)

@: hasted, very quick
A: negative energy resistance 1, electricity resistance, unbreathing,
petrification resistance, rot immunity, AC +3
a: no special abilities


You were on level 2 of the Dungeon.
You were hungry.

You visited 1 branch of the dungeon, and saw 2 of its levels.

You collected 80 gold pieces.

Inventory:

Hand Weapons
 a - a +0 war axe (weapon)
Armour
 b - a +0 scale mail (worn)
 c - a +0 shield (worn)
 k - a cursed +0 pair of gloves (worn)
Jewellery
 i - an uncursed ring of stealth {unknown}
 r - a +4 ring of intelligence {unknown}
 u - a +2 ring of evasion {unknown}
Wands
 n - a wand of random effects (27/48)
Scrolls
 e - 2 scrolls of identify {unknown}
 h - a scroll of random uselessness {unknown}
 j - a scroll of noise {unknown}
 l - a scroll of teleportation {unknown}
 m - a scroll of blinking {unknown}
 q - a scroll of remove curse {unknown}
 s - 2 scrolls of enchant weapon {unknown}
 v - a scroll of immolation {unknown}
Potions
 d - a potion of might
 o - a potion of cancellation {unknown}
 p - a potion of haste {unknown}
Comestibles
 f - 2 bread rations
 g - 2 fruits
 t - a meat ration


   Skills:
 + Level 4.1 Fighting
 + Level 3.1 Axes
 - Level 3.5 Armour
 - Level 3.6 Shields


You had 3 spell levels left.
You didn't know any spells.

Dungeon Overview and Level Annotations

Branches:
Dungeon (2/15)

Altars:

Annotations:
D:2 Crazy Yiuf


Innate Abilities, Weirdness & Mutations

You are resistant to torment.
Your stone body is resilient. (AC +3)
You are immune to poison.
You resist negative energy. (rN+)
You are resistant to electric shocks. (rElec)
You can survive without breathing.
You are immune to petrification.
You are immune to rotting.


Message History

You are too injured to fight recklessly!
You are too injured to fight recklessly!
You are too injured to fight recklessly!
You are too injured to fight recklessly!
You are too injured to fight recklessly!
You are too injured to fight recklessly!
You barely miss Crazy Yiuf.
Crazy Yiuf hits you with a quarterstaff of chaos.
* * * LOW HITPOINT WARNING * * *
You feel as though your hastened speed will last longer.
You barely miss Crazy Yiuf.
Crazy Yiuf hits you with a quarterstaff of chaos.
* * * LOW HITPOINT WARNING * * *
You feel your power leaking away.
You hit Crazy Yiuf but do no damage. You hit Crazy Yiuf but do no damage.
Crazy Yiuf closely misses you.
You barely miss Crazy Yiuf.
Crazy Yiuf whimpers, "Fluff!
Tosser seventy chair."
Crazy Yiuf hits you with a quarterstaff of chaos.
You die...

####### #### ###)#)..###
########### #)))##))#).....######
..........# #.)g@)####...........
########### #)))### ##..#.....##
....# #### ####.....##
###.####### #.....## ..........#
#.......
...#.#####################.....##
####.#####.....................##
........##.....÷...............##
#####...##......#..........(...##


You could see Crazy Yiuf.

Vanquished Creatures
  Robin (D:2)
  2 adders
  An ooze (D:1)
  A worm (D:2)
  2 dart slugs
  2 leopard geckos
  2 giant cockroaches
  10 hobgoblins
  A ball python (D:1)
  5 bats
  2 frilled lizards (D:1)
  11 goblins
  6 kobolds
  3 rats (D:1)
49 creatures vanquished.

Notes
Turn   | Place    | Note
-------+----------+-------------------------------------------
     0 | D:1      | Omegatherion the Gargoyle Fighter began the quest for the Orb.
     0 | D:1      | Reached XP level 1. HP: 14/14 MP: 1/1
   126 | D:1      | Reached XP level 2. HP: 18/19 MP: 2/2
   525 | D:1      | Reached XP level 3. HP: 23/23 MP: 3/3
   734 | D:2      | Noticed Robin
   740 | D:2      | Reached skill level 4 in Fighting
   740 | D:2      | Reached XP level 4. HP: 24/29 MP: 4/4
   749 | D:2      | Killed Robin
  1152 | D:2      | Found a runed door.
  1432 | D:2      | Noticed Crazy Yiuf
  1442 | D:2      | Slain by Crazy Yiuf

Skill      XL: |  1  2  3  4 |
---------------+-------------+-----
Axes           | 2 3 |  3.1
Fighting       | 4 |  4.1
Armour         | |  3.5
Shields        | |  3.6

Action                   |  1- 3 |  4- 6 || total
-------------------------+-------+-------++-------
Melee: War axe           |    80 |    55 ||   135
  Eat: Chunk             |       |     1 ||     1
Armor: Scale mail        |    52 |    31 ||    83
Dodge: Dodged            |    30 |    16 ||    46
Block: Shield            |    53 |    34 ||    87
